 Dungeon Crawl Stone Soup version 0.18-a0-1577-gf591c28 (webtiles) character file.

12777 M4edhros the Geomancer (level 11, -5/47 HPs)
             Began as a Vine Stalker Earth Elementalist on Mar 19, 2016.
             Was a High Priest of Cheibriados.
             Slain by a skeletal warrior
             ... wielding a +0 scimitar
              (9 damage)
             ... on level 12 of the Dungeon.
             The game lasted 00:37:14 (31827 turns).

M4edhros the Geomancer (VSEE)                      Turns: 31827, Time: 00:37:14

Health: -5/47      AC: 16    Str: 25    XL:     11   Next: 98%
Magic:  0/15       EV: 18    Int: 35    God:    Cheibriados [*****.]
Gold:   550        SH:  8    Dex: 33    Spells: 5 memorised, 0 levels left

rFire  + . .     SeeInvis .       - Unarmed
rCold  + . .     Gourm    .     u - +3 leather armour of Jiafuef {rC+ MR- rCorr Int+4}
rNeg   . . .     Faith    .     e - +0 buckler (curse)
rPois  .         Spirit   +     w - +0 helmet
rElec  .         Dismiss  .     o - +0 cloak
rCorr  +         Reflect  .     r - +1 pair of gloves
SustAt .         Harm     .     E - +2 pair of boots
MR     +....                    l - amulet of regeneration
Stlth  ++++......               (no ring)
                                s - +4 ring of dexterity

@: very slow, somewhat resistant to hostile enchantments, stealthy
A: fangs 3, hooves 1, icy blue scales 2, thin skeletal structure 1, fire
resistance 1, magic resistance 1, regeneration 2, magic shield, antimagic bite,
no device heal 3, rot immunity, sturdy frame 1
a: Bend Time, Temporal Distortion, Slouch, Step From Time, Renounce Religion


You were on level 12 of the Dungeon.
You worshipped Cheibriados.
Cheibriados was extremely pleased with you.
You were very hungry.

You visited 2 branches of the dungeon, and saw 13 of its levels.

You collected 550 gold pieces.

Inventory:

Hand Weapons
 h - a +2 trident of flaming
 p - a +1 hunting sling
 C - a +1 morningstar of protection
Missiles
 b - 430 stones (quivered)
 t - 85 sling bullets
Armour
 e - a cursed +0 buckler (worn)
 o - a +0 cloak (worn)
 r - a +1 pair of gloves (worn)
 u - the +3 leather armour of Jiafuef (worn) {rC+ MR- rCorr Int+4}
   (You found it on level 5 of the Dungeon)

   It affects your intelligence (+4).
   It protects you from cold.
   It affects your resistance to hostile enchantments.
   It protects you from acid and corrosion.
 w - a +0 helmet (worn)
 z - a +1 robe of resistance
 E - a +2 pair of boots (worn)
Jewellery
 l - an amulet of regeneration (around neck)
 s - a +4 ring of dexterity (left hand)
Wands
 i - a wand of polymorph (16/24)
 n - a wand of flame (17/48)
 x - a wand of polymorph (15/24)
 y - a wand of digging (15/24)
Scrolls
 f - 3 scrolls of identify
 j - a scroll of magic mapping
 v - a scroll of enchant weapon
 I - 4 scrolls of fog {unknown}
Potions
 a - 6 potions of curing
 k - 4 potions of heal wounds
 q - a potion of brilliance
 A - 2 potions of cure mutation
 H - a potion of cancellation
Books
 c - a book of Geomancy

   Spells                             Type                      Level
   a - Sandblast                      Earth                        1
   b - Passwall                       Transmutation/Earth          2
   c - Stone Arrow                    Conjuration/Earth            3
   d - Petrify                        Transmutation/Earth          4
   e - Lee's Rapid Deconstruction     Earth                        5
 D - the Handbook of the Excruciating Glacier
   (You found it on level 7 of the Dungeon)

   Spells                             Type                      Level
   a - Ensorcelled Hibernation        Hexes/Ice                    2
   b - Throw Icicle                   Conjuration/Ice              4
   c - Summon Ice Beast               Ice/Summoning                4
   d - Ice Form                       Ice/Transmutation            4
   e - Freezing Cloud                 Conjuration/Ice/Air          6
 K - a book of Clouds

   Spells                             Type                      Level
   a - Mephitic Cloud                 Conjuration/Poison/Air       3
   b - Conjure Flame                  Conjuration/Fire             3
   c - Poisonous Cloud                Conjuration/Poison/Air       6
   d - Freezing Cloud                 Conjuration/Ice/Air          6
   e - Ring of Flames                 Charms/Fire                  7
Comestibles
 d - a bread ration
 g - a meat ration
 m - 35 fruits
 F - 12 royal jellies
 G - 3 chunks of flesh


   Skills:
 + Level 5.9 Dodging
 - Level 2.4 Stealth
 * Level 6.1 Shields
 + Level 7.9 Unarmed Combat
 + Level 2.1 Spellcasting
 - Level 9.0 Conjurations
 - Level 1.0 Transmutations
 - Level 10.5 Earth Magic
 * Level 4.2 Invocations


You couldn't memorise any spells.
You knew the following spells:

 Your Spells              Type           Power        Failure   Level  Hunger
a - Sandblast             Erth           ######       1%          1    None
b - Stone Arrow           Conj/Erth      ######       1%          3    ###....
c - Passwall              Trmt/Erth      #####.....   1%          2    ##.....
d - Lee's Rapid Deconstr  Erth           ######....   1%          5    ######.
e - Mephitic Cloud        Conj/Pois/Air  ###.....     6%          3    ###....


Dungeon Overview and Level Annotations

Branches:
Dungeon (12/15)            Temple (1/1) D:7            Lair (0/8) D:10
    Orc (0/2) D:10

Altars:
Ashenzari
Cheibriados
Dithmenos
Elyvilon
Fedhas
Kikubaaqudgha
Makhleb
Nemelex Xobeh
Okawaru
Qazlal
Ru
Sif Muna
Trog
Vehumet
Xom
Yredelemnul
Zin

Shops:
D:5 [   D:8 }   D:9 (

Annotations:
D:4 exclusion: ogre
D:8 Fabri's ghost, novice DDAr


Innate Abilities, Weirdness & Mutations

You have razor-sharp teeth.
You heal very quickly.
When hurt, damage is shared between your health and your magic reserves.
Your bite disrupts and absorbs the magic of your enemies.
Potions and wands cannot restore your health.
You are immune to rotting.
You have large cloven feet.
You are mostly covered in icy blue scales (AC +3, EV -1).
You have a somewhat thin skeletal structure (Dex +2, Stealth).
Your flesh is heat resistant.
You are resistant to hostile enchantments.
Your movements are slightly less encumbered by armour (ER -2).


Message History

Okay, then.
Casting: Lee's Rapid Deconstruction
Confirm with . or Enter, or press ? or * to list all spells.
Okay, then.
Casting: Lee's Rapid Deconstruction
Confirm with . or Enter, or press ? or * to list all spells.
Okay, then.
Casting: Lee's Rapid Deconstruction
Confirm with . or Enter, or press ? or * to list all spells.
Which direction?
You begin to meditate on the wall.
You continue meditating on the rock.
The skeletal warrior misses you.
You continue meditating on the rock.
The skeletal warrior hits you with a scimitar!
* * * LOW HITPOINT WARNING * * *
The skeletal warrior completely misses you.
You continue meditating on the rock.
The skeletal warrior hits you with a scimitar!
You die...
Xom thinks this is hilarious!

##...## #
#.....#####.#
#.
#...........#
#.
#.....#######
#.##<....#
#......#.#
####.###.#
#z###.#
#z@...#
#######


You could see 2 skeletal warriors.

Vanquished Creatures
  An unseen horror (D:10)
  A hill giant (D:10)
  A cyclops (D:11)
  A manticore (D:11)
  Maurice (D:10)
  2 gargoyles
  The ghost of Vojta the Magician, a novice HEWz (D:4)
  A queen bee (D:10)
  A troll (D:11)
  Prince Ribbit (D:7)
  A wyvern (D:10)
  17 yaks
  A wraith (D:11)
  2 orc warriors
  3 sky beasts
  A black bear (D:10)
  5 ice beasts
  A necrophage (D:6)
  3 phantoms
  5 ogres
  4 centaurs
  3 crocodiles
  2 big kobolds (D:9)
  A gnoll sergeant (D:10)
  A wyvern zombie (D:10)
  8 giant frogs
  4 scorpions
  22 killer bees
  3 howler monkeys
  8 wights
  8 crimson imps
  2 giant frog zombies
  A centaur zombie (D:7)
  8 hounds
  6 orc priests
  2 giant frog skeletons
  A jelly (D:6)
  3 centaur skeletons
  3 iguanas
  7 orc wizards
  10 worker ants
  A hound zombie (D:6)
  A hound skeleton (D:4)
  Robin (D:2)
  8 gnolls
  10 adders
  3 shadow imps
  An ooze (D:6)
  An adder zombie (D:10)
  2 worms (D:2)
  2 dart slugs
  2 giant geckos
  50 orcs
  A ball python (D:1)
  3 bats (D:3)
  5 giant cockroaches
  21 goblins
  10 hobgoblins
  4 jackals (D:11)
  5 quokkas
  11 giant newts
  12 kobolds
  6 rats
317 creatures vanquished.

Vanquished Creatures (others)
  An orc wizard (D:9)
1 creature vanquished.

Grand Total: 318 creatures vanquished

Notes
Turn   | Place    | Note
--------------------------------------------------------------
     0 | D:1      | M4edhros the Vine Stalker Earth Elementalist began the quest for the Orb.
     0 | D:1      | Reached XP level 1. HP: 9/9 MP: 4/4
   388 | D:1      | Reached XP level 2. HP: 11/13 MP: 6/6
   862 | D:2      | Reached skill level 4 in Earth Magic
   892 | D:2      | Reached XP level 3. HP: 14/16 MP: 7/7
  1627 | D:2      | Found a snail-covered altar of Cheibriados.
  1705 | D:2      | Reached XP level 4. HP: 15/21 MP: 5/8
  1740 | D:2      | Became a worshipper of Cheibriados the Contemplative
  1953 | D:2      | Found an iron altar of Okawaru.
  2036 | D:3      | Reached skill level 1 in Unarmed Combat
  2066 | D:3      | Reached skill level 5 in Earth Magic
  2103 | D:3      | Noticed Robin
  2119 | D:2      | Killed Robin
  2119 | D:2      | Reached XP level 5. HP: 21/24 MP: 9/9
  2150 | D:3      | Reached * piety under Cheibriados
  2633 | D:4      | Noticed an ogre
  2638 | D:4      | Gained mutation: You can translocate small distances at will. [potion of beneficial mutation]
  2639 | D:4      | Gained mutation: You have a somewhat thin skeletal structure (Dex +2, Stealth). [potion of beneficial mutation]
  2648 | D:4      | Killed an ogre
  2648 | D:4      | Gained mutation: You heal very quickly. [Vine Stalker growth]
  2648 | D:4      | Reached XP level 6. HP: 10/28 MP: 3/10
  2666 | D:4      | Noticed Vojta's ghost (novice HEWz)
  2675 | D:4      | Gained mutation: You are partially covered in rugged brown scales (AC +1, +3% HP). [potion of mutation]
  2675 | D:4      | Gained mutation: Your muscles are strong. (Str +2) [potion of mutation]
  2676 | D:4      | Lost mutation: You are partially covered in rugged brown scales (AC +1, +3% HP). [potion of cure mutation]
  2676 | D:4      | Lost mutation: You have a somewhat thin skeletal structure (Dex +2, Stealth). [potion of cure mutation]
  2676 | D:4      | Lost mutation: You can translocate small distances at will. [potion of cure mutation]
  2676 | D:4      | Lost mutation: Your muscles are strong. (Str +2) [potion of cure mutation]
  2721 | D:4      | Learned a level 3 spell: Stone Arrow
  2774 | D:4      | Reached ** piety under Cheibriados
  2950 | D:4      | Found a shimmering altar of Xom.
  3035 | D:4      | Reached XP level 7. HP: 8/32 MP: 11/11
  3206 | D:4      | Found an ancient bone altar of Kikubaaqudgha.
  3428 | D:4      | Reached skill level 6 in Earth Magic
  3498 | D:5      | Entered Level 5 of the Dungeon
  3602 | D:4      | Killed Vojta's ghost
  3602 | D:4      | Reached skill level 5 in Unarmed Combat
  3602 | D:4      | Reached skill level 1 in Conjurations
  3602 | D:4      | Gained mutation: You have razor-sharp teeth. [Vine Stalker growth]
  3602 | D:4      | Reached XP level 8. HP: 31/36 MP: 10/12
  3608 | D:5      | Found Emmib's Armour Shoppe.
  3785 | D:5      | Got a crude leather armour
  3797 | D:5      | Identified the +3 leather armour of Jiafuef {rC+ MR- rCorr Int+4} (You found it on level 5 of the Dungeon)
  3902 | D:5      | Reached *** piety under Cheibriados
  4092 | D:5      | Gained mutation: Your muscles are strong. (Str +2) [potion of mutation]
  4092 | D:5      | Gained mutation: You are clumsy. (Dex -2) [potion of mutation]
  4092 | D:5      | Gained mutation: You are partially covered in icy blue scales (AC +1). [potion of mutation]
  4171 | D:5      | Reached skill level 7 in Earth Magic
  4327 | D:5      | Found a deep blue altar of Sif Muna.
  4611 | D:6      | Found a white marble altar of Elyvilon.
  4764 | D:6      | Reached XP level 9. HP: 39/39 MP: 13/13
  4851 | D:6      | Reached **** piety under Cheibriados
  4875 | D:6      | Found a shadowy altar of Dithmenos.
  4998 | D:6      | Reached skill level 5 in Conjurations
  5096 | D:7      | Identified the Handbook of the Excruciating Glacier
  5100 | D:7      | Learned a level 2 spell: Passwall
  5106 | D:7      | Learned a level 5 spell: Lee's Rapid Deconstruction
  5282 | D:7      | Found a staircase to the Ecumenical Temple.
  5479 | D:7      | Found a sacrificial altar of Ru.
  5685 | D:7      | Noticed Prince Ribbit
  5695 | D:7      | Killed Prince Ribbit
  5695 | D:7      | Reached skill level 8 in Earth Magic
  6142 | D:8      | Noticed Fabri's ghost (novice DDAr)
  6231 | D:8      | Reached ***** piety under Cheibriados
  6272 | D:8      | Found Gusmilia's Gadget Emporium.
  6388 | D:8      | Found a radiant altar of Vehumet.
  6469 | Temple   | Entered the Ecumenical Temple
  6475 | Temple   | Fell from the grace of Cheibriados
  6475 | Temple   | Became a worshipper of Xom of Chaos
  7317 | Temple   | XOM: mild Fire miscast
  7582 | Temple   | XOM: harmless Trmt miscast
  7661 | Temple   | XOM: divination: detect items
  8862 | Temple   | XOM: divination: detect creatures
  9224 | Temple   | XOM: divination: detect items
  9744 | Temple   | XOM: colour smoke trail
  9759 | Temple   | XOM: medium Trmt miscast
  9761 | Temple   | XOM: harmless Trmt miscast
  9776 | Temple   | Gained mutation: You are dopey. (Int -2) [mutagenic glow]
  9994 | Temple   | XOM is BORED!
  9994 | Temple   | XOM: noise
 10007 | Temple   | XOM: mild Conj miscast
 10848 | Temple   | XOM: mild Pois miscast
 11024 | Temple   | XOM is BORED!
 11024 | Temple   | XOM: medium Erth miscast
 11245 | Temple   | XOM: divination: detect creatures
 11472 | Temple   | XOM: harmless Trmt miscast
 11653 | Temple   | XOM: colour smoke trail
 11891 | Temple   | XOM: colour smoke trail
 12539 | Temple   | XOM: colour smoke trail
 12809 | Temple   | XOM: 3-stop teleportation journey
 12980 | Temple   | XOM is BORED!
 12980 | Temple   | XOM: summons 1 hostile demon
 13093 | Temple   | XOM: mild Erth miscast
 13103 | Temple   | XOM: colour smoke trail
 13272 | Temple   | XOM: god gift: 45 gold pieces
 13569 | Temple   | XOM: vitrification
 13704 | Temple   | XOM: medium Chrm miscast
 14215 | Temple   | XOM: colour smoke trail
 14237 | Temple   | XOM: mild Divn miscast
 14405 | Temple   | XOM: mild Ice miscast
 14535 | Temple   | XOM: harmless Ice miscast
 15186 | Temple   | XOM: god gift: shiny chain mail {god gift}
 15338 | Temple   | XOM: scenery: create altars
 15771 | Temple   | XOM: harmless Tloc miscast
 16266 | Temple   | XOM: mild Divn miscast
 16576 | Temple   | XOM: noise
 17031 | Temple   | XOM: silly message
 17077 | Temple   | XOM: medium Ice miscast
 17169 | Temple   | XOM: divination: detect creatures
 17278 | Temple   | XOM: silly message
 17395 | Temple   | XOM is BORED!
 17395 | Temple   | XOM: medium Conj miscast
 17506 | Temple   | XOM: harmless Tloc miscast
 17610 | Temple   | XOM: silly message
 17625 | Temple   | XOM: colour smoke trail
 17732 | Temple   | XOM: mild Air miscast
 17936 | Temple   | XOM: god gift: club {god gift}
 18084 | Temple   | XOM: silly message
 18373 | Temple   | XOM: silly message
 18424 | Temple   | XOM: medium Erth miscast
 18438 | Temple   | XOM: cast spell 'Dragon Form'
 18541 | Temple   | XOM: give mutations
 18541 | Temple   | Gained mutation: You are somewhat resistant to further mutation. [Xom's grace]
 18541 | Temple   | Gained mutation: Your flesh is heat resistant. [Xom's grace]
 18541 | Temple   | Gained mutation: You have large cloven feet. [Xom's grace]
 18857 | Temple   | XOM is BORED!
 18857 | Temple   | XOM: give mutations
 18857 | Temple   | Gained mutation: Armour fits poorly on your strangely shaped body. [Xom's mischief]
 18857 | Temple   | Lost mutation: You are somewhat resistant to further mutation. [Xom's mischief]
 18857 | Temple   | Gained mutation: You are mostly covered in icy blue scales (AC +3, EV -1). [Xom's mischief]
 18932 | Temple   | XOM: scenery: create altars
 19176 | Temple   | XOM: give mutations
 19176 | Temple   | Gained mutation: Your movements are slightly less encumbered by armour (ER -2). [Xom's grace]
 19176 | Temple   | Lost mutation: You are dopey. (Int -2) [Xom's grace]
 19176 | Temple   | Gained mutation: You passively map a small area around you. [Xom's grace]
 19176 | Temple   | Gained mutation: You are resistant to hostile enchantments. [Xom's grace]
 19271 | Temple   | XOM: cast spell 'Ice Form'
 19864 | Temple   | XOM: divination: detect items
 20997 | Temple   | XOM: harmless Erth miscast
 21156 | Temple   | XOM: silly message
 21441 | Temple   | XOM is BORED!
 21441 | Temple   | XOM: harmless Erth miscast
 22166 | Temple   | XOM: 1-stop teleportation journey
 22239 | Temple   | XOM is BORED!
 22239 | Temple   | XOM: medium Hex miscast
 22586 | Temple   | XOM: god gift: 12 stones
 23167 | Temple   | XOM: cast spell 'Ice Form'
 23574 | Temple   | XOM: 3-stop teleportation journey
 23998 | Temple   | XOM: god gift: jewelled wooden wand {god gift}
 24284 | Temple   | XOM: give mutation
 24284 | Temple   | Gained mutation: You have a somewhat thin skeletal structure (Dex +2, Stealth). [Xom's grace]
 24957 | Temple   | XOM is BORED!
 24957 | Temple   | XOM: severe Ice miscast
 25315 | Temple   | XOM: god gift: bubbling sapphire potion
 25512 | Temple   | XOM: god gift: pair of embroidered boots {god gift}
 25773 | Temple   | XOM: noise
 26263 | Temple   | XOM: medium Divn miscast
 26355 | Temple   | XOM: divination: magic mapping
 26392 | Temple   | XOM: god gift: pearl ring {god gift}
 26576 | Temple   | XOM: 5-stop teleportation journey
 26854 | Temple   | XOM: 2-stop teleportation journey
 27347 | Temple   | XOM: harmless Divn miscast
 27614 | Temple   | XOM: medium Ice miscast
 28290 | Temple   | XOM: medium Necr miscast
 28554 | D:2      | Fell from the grace of Xom
 28554 | D:2      | Became a worshipper of Cheibriados the Contemplative
 29059 | D:8      | XOM: give mutations
 29059 | D:8      | Lost mutation: You are clumsy. (Dex -2) [Xom's mischief]
 29136 | D:9      | XOM: noise
 29143 | D:9      | XOM: chaos cloud
 29252 | D:9      | Reached skill level 1 in Invocations
 29275 | D:9      | Found a shadowy altar of Dithmenos.
 29377 | D:9      | Found a glowing silver altar of Zin.
 29393 | D:9      | Reached skill level 1 in Shields
 29393 | D:9      | Reached XP level 10. HP: 42/44 MP: 14/14
 29541 | D:9      | Found Vesan's Antique Weapon Boutique.
 29805 | D:9      | Found a runed door.
 29869 | D:9      | Noticed a gargoyle
 29960 | D:9      | Killed a gargoyle
 29960 | D:9      | Reached skill level 5 in Dodging
 29960 | D:9      | Reached skill level 9 in Earth Magic
 30028 | D:9      | Noticed an orc knight
 30050 | D:9      | XOM: summons 3 hostile shadow creatures
 30123 | D:9      | XOM: mild Summ miscast
 30330 | D:10     | Entered Level 10 of the Dungeon
 30493 | D:10     | Noticed a gargoyle
 30497 | D:10     | Killed a gargoyle
 30499 | D:10     | XOM: mild Ice miscast
 30515 | D:10     | XOM: blink monster(s)
 30642 | D:10     | Reached XP level 11. HP: 38/47 MP: 13/15
 30673 | D:10     | Noticed Maurice
 30689 | D:10     | Killed Maurice
 30690 | D:10     | Found a staircase to the Orcish Mines.
 30766 | D:10     | Killed an unseen horror
 30817 | D:10     | XOM: noise
 30841 | D:10     | Gained mutation: You have sharp fingernails. [potion of mutation]
 30842 | D:10     | XOM: medium Divn miscast
 30907 | D:10     | XOM: medium Fire miscast
 30956 | D:10     | Learned a level 3 spell: Mephitic Cloud
 30986 | D:10     | Noticed a hill giant
 30996 | D:10     | Killed a hill giant
 31002 | D:10     | XOM: noise
 31017 | D:10     | Found a staircase to the Lair.
 31113 | D:10     | Reached skill level 10 in Earth Magic
 31196 | D:11     | Noticed a manticore
 31196 | D:11     | Reached skill level 5 in Shields
 31204 | D:11     | Killed a manticore
 31285 | D:11     | Noticed a cyclops
 31308 | D:11     | Killed a cyclops
 31766 | D:11     | XOM: give mutations
 31766 | D:11     | Lost mutation: Your muscles are strong. (Str +2) [Xom's mischief]
 31766 | D:11     | Lost mutation: You passively map a small area around you. [Xom's mischief]
 31766 | D:11     | Lost mutation: Armour fits poorly on your strangely shaped body. [Xom's mischief]
 31766 | D:11     | Lost mutation: You have sharp fingernails. [Xom's mischief]
 31802 | D:12     | Noticed a skeletal warrior
 31809 | D:12     | Noticed a skeletal warrior
 31809 | D:12     | Noticed a skeletal warrior
 31827 | D:12     | Slain by a skeletal warrior

Vault maps used:
D:1:      dpeg_arrival_line_fractal, roderic_cross_of_infinity
D:2:      mumra_celtic_spiral_tile, okawaru_metal_pillars_3, cheibriados_altar_1
D:3:      first_bread, uniq_robin
D:4:      marbit_many_paths, st_stairs_10, led_xom_imps
D:5:      lemuel_blue_sif_altar, serial_shops, nicolae_shop_crystal
D:6:      elyvilon_altar_5, grunt_dithmenos_shadows
D:7:      nicolae_ru_path_of_blood, temple_fountains, uniq_prince_ribbit1
D:8:      gammafunk_pakellas_statue_experiment, lemuel_crystal_altar,
          serial_shops, nicolae_shop_stone
D:9:      zin_treasury, gammafunk_temple_overflow_elements, basic_altar,
          serial_shops, nicolae_shop_behind_doors, blue_anna_alchemist,
          lightli_church_of_beogh
D:10:     lair_0_dummy, orc_0_dummy, special_room, st_stairs_1, uniq_maurice
D:12:     hourglass_vault, uniq_snorg, uniq_nergalle
Temple:   circular_temple_pool_8

Skill      XL: |  1  2  3  4  5  6  7  8  9 10 11 |
---------------+----------------------------------+-----
Earth Magic    | 4 5 6 7 8 9 10 | 10.5
Unarmed Combat | 1 3 4 5 6 7 |  7.9
Dodging        | 2 3 4 5 |  5.9
Conjurations   | 1 4 6 7 9 |  9.0
Invocations    | 1 2 4 |  4.2
Shields        | 1 3 6 |  6.1
Stealth        | |  2.4
Spellcasting   | |  2.1
Transmutations | |  1.0

Action                   |  1- 3 |  4- 6 |  7- 9 | 10-12 || total
-------------------------+-------+-------+-------+-------++-------
Melee: Unarmed           |    53 |       |    90 |   365 ||   508
       Spear             |   114 |   240 |   472 |       ||   826
       Morningstar       |       |       |       |    75 ||    75
 Cast: Stone Arrow       |       |     2 |     8 |     3 ||    13
       Sandblast         |       |       |     1 |     1 ||     2
       Lee's Rapid Decon |       |       |       |    27 ||    27
       Passwall          |       |       |       |     5 ||     5
       Mephitic Cloud    |       |       |       |     1 ||     1
Invok: Bend Time         |       |       |       |     3 ||     3
       Temporal Distorti |       |       |       |     2 ||     2
Evoke: Wand              |       |       |     1 |     1 ||     2
  Use: Potion            |       |     7 |     4 |     3 ||    14
       Scroll            |       |     5 |    11 |     3 ||    19
 Stab: Sleeping          |     1 |     2 |    13 |     3 ||    19
       Distracted        |       |       |       |     2 ||     2
  Eat: Chunk             |     2 |     4 |    13 |    13 ||    32
       Bread ration      |       |       |    10 |       ||    10
       Meat ration       |       |       |     3 |       ||     3
       Beef jerky        |       |       |     3 |       ||     3
       Pizza             |       |       |     1 |     2 ||     3
       Royal jelly       |       |       |     1 |       ||     1
